cohdb
Replays
Latest Replays
All Replays
Popular Replays
Top Player Replays
Match Explorer
How It Works
Community
CoH3 Stats
Reddit
Sign in to upload your games and track your stats! →
Sign in with Steam
Match 38726720
Unlisted
Match 38726720
Overview
Messages
Build Orders
End
Kradschützen Motorcycle Team
Panzergrenadier Squad
Selects Battlefield Espionage Battlegroup
Construct Light Support Kompanie
MG34 Team
Assault Grenadier Squad
Assault Grenadier Squad
Fire Support Elements
Selects Intel Disruption Beacon
Construct Panzerarmee Kommand
Panzer III L Medium Tank
Vehicle Survival Package
Walking Stuka Rocket Launcher
Flak 36 Anti-tank Gun Team
Armored Reserves
2.5-tonne Medical Truck
Tiger Heavy Tank
Selects Intel Disruption Beacon
Selects Transfer Depots
Selects Firestorm
Flak 36 Anti-tank Gun Team
Выживалово
NerO_o
matjouz
Sarmynation
0
0
Comments
sign in to comment!
No comments posted yet!